cohdb
Replays
Latest Replays
All Replays
Popular Replays
Top Player Replays
Match Explorer
How It Works
Community
CoH3 Stats
Reddit
Sign in to upload your games and track your stats! →
Sign in with Steam
Match 41524012
Unlisted
Match 41524012
Overview
Messages
Build Orders
End
Construct Infanterie Kompanie
Grenadier Squad
Grenadier Squad
Sniper
Grenadier Squad
Infanterie Officer Quarters
Construct Panzergrenadier Kompanie
Selects Mechanized Battlegroup
Selects Raid Package
251 Medium Carrier
Selects Mobile Repair Stations
Panzergrenadier Squad
Support Elements
StuG III G Assault Gun
StuG III G Assault Gun
Panzergrenadier Officer Quarters
Selects StuG Assault Group
JShreddy
Mr. King
Toni T - The Damager
Jaremir
NanoLoki
FemtoLoki
0
0
Comments
sign in to comment!
No comments posted yet!